 Dungeon Crawl Stone Soup version 0.29-a0-1052-g6990b1bffc (webtiles) character file.

Game seed: 7680056801090163031

4 SensoryNuts the Ducker (level 1, -1/16 HPs)
             Began as a Demonspawn Gladiator on Aug 17, 2022.
             Slain by a goblin
             ... wielding a +0 dagger
              (3 damage)
             ... on level 1 of the Dungeon.
             The game lasted 00:00:07 (44 turns).

SensoryNuts the Ducker (Demonspawn Gladiator)         Turns: 44, Time: 00:00:08

Health: -1/16      AC:  4    Str: 14    XL:     1   Next: 50%
Magic:  1/1        EV:  9    Int:  9    God:
Gold:   0          SH:  0    Dex: 14    Spells: 0/0 levels left

rFire   . . .      SeeInvis .   a - +0 trident
rCold   . . .      Faith    .   (no shield)
rNeg    . . .      Spirit   .   b - +0 leather armour
rPois   .          Reflect  .   c - +0 helmet
rElec   .          Harm     .   (no cloak)
rCorr   .          Rampage  .   (no gloves)
Will    .....                   (no boots)
Stlth   +.........              (no amulet)
HPRegen 0.05/turn               (no ring)
MPRegen 0.07/turn               (no ring)

@: constricted
A: no striking features
a: no special abilities


You were on level 1 of the Dungeon.
You visited 1 branch of the dungeon, and saw 1 of its levels.

Inventory:

Hand Weapons
 a - a +0 trident (weapon)
Missiles
 d - 3 throwing nets (quivered)
 e - a javelin
Armour
 b - a +0 leather armour (worn)
 c - a +0 helmet (worn)
Scrolls
 f - a scroll of enchant weapon {unknown}
 g - a scroll of poison {unknown}


   Skills:
 + Level 2.0 Fighting
 + Level 2.7 Polearms
 + Level 1.7 Throwing
 + Level 2.9 Dodging


You couldn't memorise any spells.
You didn't know any spells.
Your spell library was empty.

Dungeon Overview and Level Annotations

Branches:
Dungeon (1/15)

Altars:


Message History

The goblin hits you but does no damage. x2
The kobold hits you with a +0 dagger. The rat bites you but does no damage.
You are too injured to fight recklessly!
You are too injured to fight recklessly!
You are too injured to fight recklessly!
You are too injured to fight recklessly!
You are too injured to fight recklessly!
You are too injured to fight recklessly!
You are too injured to fight recklessly!
You are too injured to fight recklessly!
You are too injured to fight recklessly!
You are too injured to fight recklessly!
You are too injured to fight recklessly!
Unknown command.
You are too injured to fight recklessly!
You are too injured to fight recklessly!
You are too injured to fight recklessly!
You are too injured to fight recklessly!
You are too injured to fight recklessly!
You are too injured to fight recklessly!
Unknown command.
You are too injured to fight recklessly!
You puncture the rat!
You kill the rat!
The bat hits you but does no damage. The kobold barely misses you.
The goblin closely misses you.
You hit the ball python.
The ball python is heavily wounded.
The bat closely misses you. The ball python closely misses you. x2
The kobold hits you with a +0 dagger. The goblin barely misses you.
The ball python bites you but does no damage.
The ball python grabs you. The ball python constricts you.
You closely miss the ball python.
The ball python is moderately wounded.
The bat barely misses you. The ball python bites you.
* * * LOW HITPOINT WARNING * * *
The ball python constricts you. The kobold hits you with a +0 dagger.
* * * LOW HITPOINT WARNING * * *
The goblin hits you with a +0 dagger.
You die...

# #...#.# #(# #...'.#
#.# ## #...#.# #.# .
...#####.#####.# .#
...............###.# ##
...................#...
############....#....#
####.K.?.# #@b...#
#Sg...# #.....#
#........ ..?......
......... .[#######
...#


You could see a goblin, a bat, a ball python and a kobold.

Vanquished Creatures
  An endoplasm (D:1)
  A giant cockroach (D:1)
  A ball python (D:1)
  A rat (D:1)
4 creatures vanquished.

Notes
Turn   | Place    | Note
-------+----------+-------------------------------------------
     0 | D:1      | SensoryNuts the Demonspawn Gladiator began the quest for
                  | the Orb.
     0 | D:1      | Reached XP level 1. HP: 16/16 MP: 1/1
    44 | D:1      | Slain by a goblin

Illustrated notes

Levels and vault maps discovered:
D:1:      minmay_arrival_four_houses, layout_basic, serial_shops,
          nicolae_shop_advertising_works [nicolae_subvault_shop_adworks]

Action                   || total
-------------------------++-------
Melee: Trident           ||    15
Armor: Leather armour    ||    18
Dodge: Dodged            ||    30

Table legend: (Time is in decaauts)
 A = Elapsed time spent in this place.
 B = Non-inter-level travel time spent in this place.
 C = Inter-level travel time spent in this place.
 D = Time resting spent in this place.
 E = Time spent auto-exploring this place.
 F = Levels seen in this place.
 G = Mean time per level.
                   A        B        C        D        E       F      G
               +--------+--------+--------+--------+--------+-----+--------+
         Total |     46 |     46 |      0 |      0 |     22 |   1 |   46.0 |
       Dungeon |     46 |     46 |      0 |      0 |     22 |   1 |   46.0 |
               +--------+--------+--------+--------+--------+-----+--------+

Top non-repeatable levels by time:
     D:1: 46 daAuts
